 Dungeon Crawl Stone Soup version 0.29.1-13-g9f3cf754e1 (webtiles) character file.

Game seed: 1514272804800691509

193 shadowmeld the Magician (level 6, -5/42 HPs)
             Began as a Djinni Ice Elementalist on Feb 2, 2023.
             Slain by Sigmund
             ... wielding a +0 scythe
              (9 damage)
             ... on level 3 of the Dungeon.
             The game lasted 00:13:24 (3427 turns).

shadowmeld the Magician (Djinni Ice Elementalist)   Turns: 3427, Time: 00:13:24

Health: -5/42      AC:  5    Str:  7    XL:     6   Next: 2%
Gold:   116        EV: 12    Int: 18    God:
                   SH:  0    Dex: 14

rFire   + + .      SeeInvis .   m - +3 dagger (protect)
rCold   x . .      Faith    .   (no shield)
rNeg    . . .      Spirit   .   a - +0 robe
rPois   ∞          Reflect  .   (no helmet)
rElec   .          Harm     .   n - +1 cloak {rPois}
rCorr   .          Rampage  .   e - +0 pair of gloves
Will    +....                   (boots unavailable)
Stlth   ++........              (no amulet)
HPRegen 0.14/turn               c - ring of willpower
MPRegen 0.00/turn               (no ring)

@: flying, very slightly contaminated
A: sickness immunity, fire resistance 2, cold vulnerability 1, float, innate
caster, HP casting, extra vitality 1
a: no special abilities


You were on level 3 of the Dungeon.
You visited 1 branch of the dungeon, and saw 3 of its levels.

You collected 116 gold pieces.

Inventory:

Hand Weapons
 m - a +3 dagger of protection (weapon)
 o - a +3 quarterstaff of chaos
Armour
 a - a +0 robe (worn)
 e - a +0 pair of gloves (worn)
 n - a +1 cloak of poison resistance (worn)
Jewellery
 c - a ring of willpower (left hand)
Scrolls
 b - a scroll of brand weapon {unknown}
 d - 3 scrolls of teleportation {unknown}
 h - a scroll of noise {unknown}
 k - 2 scrolls of identify {unknown}
 l - 3 scrolls of magic mapping {unknown}
 p - a scroll of fog {unknown}
Potions
 f - a potion of berserk rage {unknown}
 g - a potion of invisibility {unknown}
 i - 2 potions of mutation {unknown}
 j - a potion of attraction {unknown}


   Skills:
 * Level 1.6 Fighting
 * Level 2.7 Dodging
 - Level 1.5 Stealth
 * Level 4.9 Spellcasting


You couldn't memorise any spells.
You knew the following spells:

 Your Spells              Type           Power      Damage    Failure   Level
a - Freeze                Ice            88%        1d10      1%          1
b - Frozen Ramparts       Ice            44%        1d7       5%          3
c - Ozocubu's Armour      Ice            22%        N/A       5%          3
d - Hailstorm             Conj/Ice       22%        3d7       17%         4
e - Magic Dart            Conj           88%        1d7       1%          1
f - Poisonous Vapours     Pois/Air       44%        N/A       2%          2
Your spell library was empty.

Dungeon Overview and Level Annotations

Branches:
Dungeon (3/15)

Altars:

Shops:
D:3 (

Annotations:
D:3 Sigmund


Innate Abilities, Weirdness & Mutations

You are immune to sickness and miasma.
You are immune to poison.
Your flesh is very heat resistant. (rF++)
You are vulnerable to cold. (rC-)
You float through the air rather than walking.
You learn spells naturally, not from books.
Your magical power is your life essence.
You have superior vitality. (+4 MHP)


Message History

The magic dart hits Sigmund but does no damage.
Sigmund is moderately wounded.
The frozen ramparts melt away.
Sigmund zaps a wand.
You resist with almost no effort.
Your icy armour will break if you move.
Continue?
Your icy armour cracks and falls away as you move.
Sigmund hits you with a +0 scythe.
* * * LOW HITPOINT WARNING * * *
Aiming: Freeze (safe; 1% risk of failure)
Press: ? - help, Q - select action, (/) - cycle Shift-Dir - straight line, f/p - Sigmund
Aim: Sigmund, wielding a +0 scythe, wearing a +2 robe of willpower and carrying a wand of polymorph (4) (moderately wounded, very poisoned)
You freeze Sigmund.
Sigmund is heavily wounded.
* * * LOW HITPOINT WARNING * * *
Sigmund misses you.
Aiming: Freeze (safe; 1% risk of failure)
Press: ? - help, Q - select action, (/) - cycle Shift-Dir - straight line, f/p - Sigmund
Aim: Sigmund, wielding a +0 scythe, wearing a +2 robe of willpower and carrying a wand of polymorph (4) (heavily wounded, very poisoned)
You freeze Sigmund!
Sigmund is severely wounded.
* * * LOW HITPOINT WARNING * * *
A kobold comes into view. It is wielding a +0 dagger.
Aiming: Freeze (safe; 1% risk of failure)
Press: ? - help, Q - select action, (/) - cycle Shift-Dir - straight line, f/p - Sigmund
Aim: Sigmund, wielding a +0 scythe, wearing a +2 robe of willpower and carrying a wand of polymorph (4) (almost dead, very poisoned)
You freeze Sigmund.
Sigmund is almost dead.
* * * LOW HITPOINT WARNING * * *
Sigmund casts a spell at you. The magic dart hits you.
* * * LOW HITPOINT WARNING * * *
Aiming: Freeze (safe; 1% risk of failure)
Press: ? - help, Q - select action, (/) - cycle Shift-Dir - straight line, f/p - Sigmund
Aim: Sigmund, wielding a +0 scythe, wearing a +2 robe of willpower and carrying a wand of polymorph (4) (almost dead, very poisoned)
You miscast Freeze.
You are very lightly contaminated with residual magic.
Nothing appears to happen.
* * * LOW HITPOINT WARNING * * *
Sigmund hits you with a +0 scythe!
You die...

.#####.#
#.....###.##.# .#
#.#
#.....##.....##.#
#.#
#>....##......#.#
########...##.#.#
### ##.......# ..#
#####†### # #.#
#.# #.###.####.#
#.# #....K@@.#.#
#.# #####.##.#.#
######.#
#.##.#.####......#
#..†........######
#############


You could see Sigmund (very poisoned) and a kobold.

Vanquished Creatures
  An orc priest (D:3)
  Crazy Yiuf (D:2)
  Jessica (D:2)
  5 adders
  A worm (D:2)
  2 dart slugs (D:1)
  2 orcs (D:3)
  4 ball pythons
  4 endoplasms
  A giant cockroach (D:2)
  3 goblins
  5 hobgoblins
  6 jackals
  3 quokkas
  2 bats
  6 frilled lizards
  8 kobolds
  5 rats
60 creatures vanquished.

Notes
Turn   | Place    | Note
-------+----------+-------------------------------------------
     0 | D:1      | shadowmeld the Djinni Ice Elementalist began the quest for
                  | the Orb.
     0 | D:1      | shadowmeld set off with the following spells memorised:
                  | Freeze, Frozen Ramparts, Ozocubu's Armour, Hailstorm.
     0 | D:1      | Reached XP level 1. HP: 15/15 MP: 0/0
   387 | D:1      | Reached XP level 2. HP: 21/22 MP: 0/0
   842 | D:1      | Reached XP level 3. HP: 16/26 MP: 0/0
   842 | D:1      | Learned a level 1 spell: Magic Dart
  1471 | D:2      | Found a runed translucent door.
  1472 | D:2      | Noticed Crazy Yiuf
  1494 | D:2      | Reached skill level 4 in Spellcasting
  1650 | D:2      | Reached XP level 4. HP: 25/31 MP: 0/0
  1653 | D:2      | Reached skill level 1 in Fighting
  2213 | D:2      | Noticed Jessica
  2220 | D:2      | Killed Jessica
  2221 | D:2      | Reached XP level 5. HP: 29/37 MP: 0/0
  2221 | D:2      | Learned a level 2 spell: Poisonous Vapours
  2762 | D:2      | Killed Crazy Yiuf
  2992 | D:3      | Found Roegowk's Weapon Shoppe.
  3286 | D:3      | Reached XP level 6. HP: 31/42 MP: 0/0
  3415 | D:3      | Noticed Sigmund
  3427 | D:3      | Slain by Sigmund

Illustrated notes

Levels and vault maps discovered:
D:1:      tarquinn_simple_flora_water_a, layout_basic
D:2:      layout_basic, uniq_jessica, uniq_crazy_yiuf_cottage
D:3:      layout_loops_cross, gammafunk_ghost_arena, serial_shops,
          nicolae_square_shop, uniq_ijyb, uniq_sigmund

Skill      XL: |  1  2  3  4 |
---------------+-------------+-----
Spellcasting   | 4 |  4.9
Fighting       | 1 |  1.6
Dodging        | |  2.7
Stealth        | |  1.5

Action                   |  1- 3 |  4- 6 || total
-------------------------+-------+-------++-------
 Cast: Freeze            |    34 |    14 ||    48
       Magic Dart        |    21 |    74 ||    95
       Frozen Ramparts   |       |     3 ||     3
       Poisonous Vapours |       |     4 ||     4
       Ozocubu's Armour  |       |     2 ||     2
Armor: Robe              |     3 |     1 ||     4
Dodge: Dodged            |    18 |     4 ||    22
